 Dungeon Crawl Stone Soup version 0.29-a0-352-g0917bc69df (webtiles) character file.

Game seed: 10339784970202180591

197098 freelancePsychic the Severer (level 17, -9/150 (158) HPs)
             Began as a Grey Draconian Berserker on Apr 23, 2022.
             Was a High Priest of Trog.
             Killed from afar by a tengu reaver (33 damage)
             ... with a bolt of negative energy
             ... on level 1 of the Vaults on Apr 24, 2022.
             The game lasted 01:10:08 (39959 turns).

freelancePsychic the Severer (DrBe)                Turns: 39959, Time: 01:10:08

HP:   -9/150 (158)  AC: 26    Str: 20    XL:     17   Next: 76%
MP:   5/5           EV: 21    Int:  9    God:    Trog [*****.]
Gold: 2514          SH: 18    Dex: 20    Spells: 16/16 levels left

rFire   . . .      SeeInvis .   b - +8 broad axe (antimagic)
rCold   + . .      Faith    .   L - +0 kite shield
rNeg    . . .      Spirit   .   (body armour unavailable)
rPois   .          Reflect  +   h - +2 hat {Stlth+}
rElec   .          Harm     .   P - scarf {+Inv}
rCorr   .          Rampage  .   R - +2 pair of gloves "Dimygh" {Drain Dex+3 Slay+3}
Will    +++..                   l - +2 pair of boots {Fly}
Stlth   +++++.....              C - amulet of reflection
HPRegen 1.35/turn               q - +4 ring of protection
MPRegen 0.09/turn               v - ring of protection from cold

@: lethally poisoned (-9 -> -9), marked, strong-willed, flying, regenerating,
drained
A: AC +14, amphibious, unfitting armour, cold-blooded
}: 1/15 runes: decaying
a: Renounce Religion, Evoke Invisibility, Berserk, Trog's Hand, Brothers in Arms


You were on level 1 of the Vaults.
You worshipped Trog.
Trog was extremely pleased with you.
You visited 7 branches of the dungeon, and saw 31 of its levels.
You also visited: Volcano.

You collected 3187 gold pieces.
You spent 673 gold pieces at shops.

Inventory:

Hand Weapons
 a - the +12 broad axe of the Yoke {drain, Str+4 Stlth+}
   (You acquired it on level 14 of the Dungeon)

   A truly terrible weapon, it drains the life of any living foe it strikes.
   Str:       It affects your strength (+4).
   Stlth:     It makes you more stealthy.
 b - a +8 antimagic broad axe (weapon)
Missiles
 j - 70 poisoned darts (quivered)
 s - 3 throwing nets
 w - 2 silver javelins
 z - 9 curare-tipped darts
Armour
 h - a +2 hat of stealth (worn)
 l - a +2 pair of boots of flying (worn)
 L - a +0 kite shield (worn)
 P - a scarf of invisibility (worn)
 Q - a +0 cloak
 R - the +2 pair of gloves "Dimygh" (worn) {Drain Dex+3 Slay+3}
   (You acquired it on level 2 of the Lair of Beasts)

   Dex:       It affects your dexterity (+3).
   Slay:      It affects your accuracy & damage with ranged weapons and melee
   (+3).
   Drain:     It drains your maximum health when unequipped.
Jewellery
 q - a +4 ring of protection (left hand)
 v - a ring of protection from cold (right hand)
 C - an amulet of reflection (around neck)
 J - a +4 ring of slaying
 Z - a ring of see invisible
Wands
 y - a wand of polymorph (9)
 F - a wand of digging (24)
 G - a wand of flame (24)
 M - a wand of mindburst (10)
 W - a wand of acid (14)
 Y - a wand of paralysis (5)
Scrolls
 c - 11 scrolls of teleportation {@r4}
 k - 2 scrolls of brand weapon
 o - 3 scrolls of holy word
 p - 9 scrolls of enchant armour
 x - a scroll of magic mapping
 E - a scroll of blinking
 H - 8 scrolls of immolation
 I - a scroll of torment
 O - 7 scrolls of identify {@r1}
 V - 3 scrolls of fear
 X - a scroll of silence
Potions
 d - 6 potions of haste {@q3}
 e - 17 potions of curing {@q1}
 f - 7 potions of attraction
 g - 3 potions of heal wounds {@q2}
 i - 3 potions of might
 m - 5 potions of mutation
 n - 3 potions of berserk rage
 t - 2 potions of cancellation
 u - 5 potions of lignification
 A - 3 potions of flight
 B - a potion of resistance
 D - 9 potions of brilliance
 K - 4 potions of invisibility
Miscellaneous
 r - a phial of floods
 T - a tin of tremorstones (1/2)
 U - a phantom mirror


   Skills:
 + Level 16.2 Fighting
 - Level 18.0 Axes
 + Level 13.5 Dodging
 - Level 9.0 Stealth
 * Level 11.2 Shields
 * Level 13.4 Evocations


You had 16 spell levels left.
You didn't know any spells.
Your spell library was empty.

Dungeon Overview and Level Annotations

Branches:
Dungeon (15/15)            Temple (1/1) D:6            Lair (6/6) D:9
  Swamp (4/4) Lair:4       Spider (0/4) Lair:2        Slime (0/5) Lair:6
    Orc (2/2) D:10            Elf (2/3) Orc:2        Vaults (1/5) D:14
 Depths (0/4) D:15        Volcano (visited)

Altars:
Ashenzari
Cheibriados
Dithmenos
Elyvilon
Fedhas
Makhleb
Ru
Vehumet
Xom
Beogh
Jiyva

Shops:
D:8 :   Orc:2 *:[!   Elf:1 [*:

Annotations:
D:5 exclusion: jelly
D:6 1 runed translucent door, zeratav's ghost, novice NaFi
D:9 exclusion: acid dragon
D:14 1 runed translucent door, Osanutie's ghost, journeyman MiBe
Lair:6 1 runed translucent door
Swamp:2 exclusion: 2 oklob plants
Elf:2 3 runed translucent doors, Nikola


Innate Abilities, Weirdness & Mutations

Your dull iron-grey scales are very hard. (AC +14)
You are amphibious.
You cannot fit into any form of body armour.
You are cold-blooded and may be slowed by cold attacks.


Message History

You are poisoned.
The war gargoyle attacks as you move away!
You block the war gargoyle's attack.
You feel very sick.
The peacekeeper hurls a volley of spikes at you.
The volley of spikes hits you!
The barbed spikes become lodged in your body.
Your skin crawls.
You feel strong-willed.
You feel very sick.
The war gargoyle launches metal splinters at you.
The spray of metal splinters hits you.
* * * LOW HITPOINT WARNING * * *
You feel much better.
You feel very sick. You block the peacekeeper's attack.
The peacekeeper misses you.
The war gargoyle hits you with a +0 great mace!
* * * LOW HITPOINT WARNING * * *
The peacekeeper bites you but does no damage.
You block the peacekeeper's attack.
You feel much better.
You feel sick. You block the war gargoyle's attack.
You block the peacekeeper's attack. The peacekeeper claws you.
The war gargoyle hits you with a +0 great mace!!
* * * LOW HITPOINT WARNING * * *
Blink to where?
Press: ? - help, Dir - move target
As you read the scroll of blinking, it crumbles to dust.
You feel sick.
The tengu reaver gestures at you while chanting.
The bolt of lightning misses you.
Okay, then.
Your deep troll goes berserk!
You carefully extract the barbed spikes from your body.
You feel sick.
The war gargoyle no longer looks unusually strong.
The tengu reaver gestures at you while chanting.
The bolt of negative energy hits the peacekeeper.
The peacekeeper completely resists.
The bolt of negative energy hits you!!
You feel drained.
You die...

##############
#....#9.#....#
#...)'Q.9..@.#
#...§#..#....+
#...##'Q##.T.#
##+##....##+##
+....'...#
+....'...#
#....##'##
##++##...#
#..∩.#


You could see a tengu reaver, a war gargoyle, a peacekeeper (distracted, ally
target) and a friendly deep troll (summoned, berserk).

Vanquished Creatures
  Jorgrun (D:14)
  3 thorn hunters
  Kirke (Elf:1)
  Frances (D:14)
  Aizul (Swamp:3)
  An orc warlord (Orc:2)
  A ghoul (Swamp:2)
  2 deep elf sorcerers
  A stone giant (D:15)
  4 eleionomae
  A deep elf annihilator (Elf:1)
  11 bunyips
  A deep elf demonologist (Elf:2)
  A deep elf death mage (Elf:2)
  The ghost of Bigaod the Fighter, a journeyman DsGl of Ru (Orc:1)
  A fire dragon (Lair:6)
  2 deep elf high priests
  4 shambling mangroves
  14 hydras
  6 centaur warriors
  2 catoblepae
  A ghost crab (Swamp:3)
  An ogre mage (D:15)
  7 two-headed ogres
  2 boulder beetles (D:15)
  A catoblepas (shapeshifter) (Elf:1)
  12 dancing weapons
  5 death yaks (Lair:6)
  A death knight (D:15)
  A tengu warrior (D:15)
  5 orc high priests (Orc:2)
  6 alligators
  14 spriggans
  Sonja (Orc:1)
  9 deep elf knights
  4 goliath frogs
  5 skeletal warriors
  A fire crab (Lair:6)
  Lodul (D:14)
  4 spriggan druids
  A death drake (Swamp:2)
  A deep elf archer (Elf:1)
  3 lindwurms (Swamp:4)
  10 swamp dragons
  8 bog bodies
  A harpy (shapeshifter) (D:14)
  An anaconda skeleton (Volcano)
  8 ugly things
  14 deep elf zephyrmancers
  3 orc knights (Orc:2)
  15 deep elf pyromancers
  5 orc sorcerers
  2 manticores
  3 will-o-the-wisps
  25 elephants
  5 cyclopes
  Maurice (Orc:1)
  A salamander (shapeshifter) (D:15)
  A vault sentinel (Vaults:1)
  3 black mambas
  3 molten gargoyles (Lair:6)
  13 cane toads
  A torpor snail (Lair:2)
  6 gargoyles
  Psyche (D:10)
  15 komodo dragons
  2 rime drakes (Lair:5)
  6 kobold demonologists
  An efreet (D:13)
  17 hornets
  2 polar bears
  5 trolls
  2 bloated husks
  Prince Ribbit (D:7)
  26 slime creatures
  10 blink frogs
  A harpy skeleton (Volcano)
  6 dream sheep (Lair:5)
  9 tyrant leeches
  2 flying skulls (Volcano)
  4 wraiths
  5 water elementals
  A shadow (D:12)
  A yak (shapeshifter) (D:14)
  4 alligator skeletons (Volcano)
  2 fire elementals (Elf:2)
  2 vampires
  5 wyverns
  3 fire bats (Lair:3)
  60 yaks
  9 basilisks
  A hog (Elf:1)
  8 vampire mosquitoes
  Menkaure (D:7)
  2 wargs (Orc:2)
  A steam dragon (D:9)
  19 swamp worms
  3 acid dragons
  5 hell hounds (Lair:6)
  Duvessa (D:7)
  A floating eye (shapeshifter) (D:13)
  15 water moccasins
  An ice beast (D:8)
  40 orc warriors
  9 swamp drakes
  2 sky beasts (D:7)
  19 ogres
  4 black bears
  An ogre (shapeshifter) (D:14)
  4 centaurs
  4 wolves (Lair:1)
  9 kobold brigands
  8 bullfrogs
  2 gnoll sergeants
  3 necrophages
  5 scorpions
  3 earth elementals
  13 wights
  Dowan (D:7)
  6 killer bees (D:9)
  A troll skeleton (Volcano)
  4 spriggan skeletons (Volcano)
  8 electric eels
  2 howler monkeys
  7 lava snakes
  34 orc priests
  2 hounds
  4 iguanas
  16 orc wizards
  14 gnolls
  9 adders
  4 white imps
  4 dart slugs
  91 orcs
  5 ball pythons
  4 bats
  2 endoplasms
  9 giant cockroaches
  5 hobgoblins
  5 jackals
  39 kobolds
  3 quokkas
  4 frilled lizards
  8 rats
952 creatures vanquished.

Vanquished Creatures (collateral kills)
  A ghost crab (Swamp:3)
  2 will-o-the-wisps (Swamp:3)
  A swamp worm (Swamp:3)
4 creatures vanquished.

Vanquished Creatures (others)
  2 deep elf knights (Elf:1)
  A deep elf pyromancer (Elf:1)
  A bloated husk (Swamp:1)
  2 humans (Elf:1)
  An orc wizard (Orc:2)
  21 foxfires
  32 fungi
  48 plants
108 creatures vanquished.

Grand Total: 1064 creatures vanquished

Notes
Turn   | Place    | Note
-------+----------+-------------------------------------------
     0 | D:1      | freelancePsychic the Draconian Berserker began the quest
                  | for the Orb.
     0 | D:1      | Reached XP level 1. HP: 19/19 MP: 1/1
    18 | D:1      | Found a faded altar of an unknown god.
   521 | D:1      | Reached XP level 2. HP: 25/26 MP: 2/2
  1183 | D:2      | Reached skill level 1 in Stealth
  1245 | D:2      | Reached XP level 3. HP: 30/33 MP: 3/3
  1466 | D:2      | Found a shimmering altar of Xom.
  1607 | D:2      | Reached ** piety under Trog
  2000 | D:3      | Identified the +3 dagger "Fein" {spect, Will- Dex+2 Stlth+}
  2059 | D:3      | Identified a scroll of acquirement
  2061 | D:3      | Acquired a +2 hat of stealth
  2112 | D:3      | Reached skill level 4 in Axes
  2440 | D:3      | You fall into a shaft and drop 2 floors!
  2440 | D:5      | Entered Level 5 of the Dungeon
  2440 | D:5      | Noticed a gnoll sergeant
  2440 | D:5      | Found a radiant altar of Vehumet.
  2498 | D:4      | Reached XP level 4. HP: 16/40 MP: 4/4
  2737 | D:4      | Reached XP level 5. HP: 46/46 MP: 5/5
  2741 | D:4      | Noticed a black bear
  2748 | D:4      | Killed a black bear
  2749 | D:4      | Reached skill level 5 in Axes
  2875 | D:4      | Reached XP level 6. HP: 53/53 MP: 6/6
  3297 | D:4      | Reached skill level 5 in Fighting
  3981 | D:5      | Your scales start taking on a dull iron-grey colour.
  3981 | D:5      | Reached XP level 7. HP: 45/61 MP: 7/7
  4089 | D:5      | Reached skill level 6 in Axes
  4345 | D:5      | Found a white marble altar of Elyvilon.
  4589 | D:5      | Reached skill level 1 in Shields
  4644 | D:5      | Reached XP level 8. HP: 42/70 MP: 8/8
  5027 | D:6      | Found a runed translucent door.
  5027 | D:6      | Noticed zeratav's ghost (novice NaFi)
  5179 | D:6      | Reached skill level 7 in Axes
  5228 | D:6      | Found a staircase to the Ecumenical Temple.
  5239 | Temple   | Entered the Ecumenical Temple
  6175 | D:7      | Noticed Duvessa
  6175 | D:7      | Noticed Dowan
  6187 | D:7      | Killed Duvessa
  6190 | D:7      | Killed Dowan
  6242 | D:7      | Noticed Prince Ribbit
  6254 | D:7      | Killed Prince Ribbit
  6255 | D:7      | Reached skill level 8 in Axes
  6257 | D:7      | Found a broken altar of Ashenzari.
  6343 | D:7      | Reached *** piety under Trog
  6347 | D:7      | Reached skill level 5 in Dodging
  6347 | D:7      | Reached XP level 9. HP: 78/78 MP: 9/9
  6589 | D:7      | Noticed Menkaure
  6601 | D:7      | Killed Menkaure
  6991 | D:7      | Reached skill level 9 in Axes
  7671 | D:7      | Reached skill level 5 in Shields
  7770 | D:8      | Reached XP level 10. HP: 86/86 MP: 10/10
  7923 | D:8      | Found a snail-covered altar of Cheibriados.
  7949 | D:8      | Reached skill level 10 in Axes
  7970 | D:8      | Found Beicum's Book Boutique.
  8732 | D:9      | Found a staircase to the Lair.
  8732 | D:9      | Noticed a cyclops
  8744 | D:9      | Killed a cyclops
  8865 | D:9      | Noticed a centaur warrior
  8880 | D:9      | Killed a centaur warrior
  9169 | D:9      | Reached skill level 11 in Axes
  9169 | D:9      | Reached skill level 5 in Stealth
  9421 | D:9      | Reached **** piety under Trog
  9791 | D:10     | Entered Level 10 of the Dungeon
  9867 | D:10     | Noticed a two-headed ogre
  9883 | D:10     | Killed a two-headed ogre
  9884 | D:10     | Reached XP level 11. HP: 75/97 MP: 11/11
 10214 | D:10     | Found a staircase to the Orcish Mines.
 10368 | D:10     | Found a blossoming altar of Fedhas.
 10848 | D:10     | Noticed Psyche
 10857 | D:10     | Killed Psyche
 10858 | D:10     | Reached skill level 12 in Axes
 10886 | D:10     | Found a sacrificial altar of Ru.
 10946 | D:10     | Reached ***** piety under Trog
 11628 | D:11     | Noticed a purple ugly thing
 11644 | D:11     | Killed a purple ugly thing
 11655 | D:11     | Reached skill level 10 in Fighting
 11753 | D:11     | Noticed a seven-headed hydra
 11768 | D:11     | Killed a seven-headed hydra
 12155 | D:11     | Reached XP level 12. HP: 104/107 MP: 12/12
 12252 | D:11     | Reached skill level 13 in Axes
 12967 | D:12     | Noticed a two-headed ogre
 12985 | D:12     | Killed a two-headed ogre
 13966 | Lair:1   | Entered Level 1 of the Lair of Beasts
 14176 | Lair:1   | Reached skill level 14 in Axes
 15006 | Lair:2   | Reached XP level 13. HP: 116/116 MP: 13/13
 15069 | Lair:2   | Reached skill level 1 in Evocations
 15131 | Lair:2   | Found a hole to the Spider Nest.
 15386 | Lair:2   | Acquired the +2 pair of gloves "Dimygh" {Drain Dex+3
                  | Slay+3}
 16237 | Lair:3   | Found a dark tunnel.
 16248 | Lair:3   | Received a gift from Trog
 16369 | Volcano  | Entered a volcano
 16725 | Volcano  | Reached skill level 15 in Axes
 18178 | Lair:4   | Reached skill level 10 in Dodging
 18367 | Lair:4   | Found a staircase to the Swamp.
 19017 | Lair:4   | Identified the +5 ring mail of Inviolability {Int+5}
 19756 | Lair:5   | Received a gift from Trog
 19889 | Lair:5   | Reached XP level 14. HP: 24/127 MP: 14/14
 20216 | Lair:5   | Reached skill level 5 in Evocations
 20420 | Lair:5   | Reached skill level 16 in Axes
 20516 | Lair:6   | Entered Level 6 of the Lair of Beasts
 21573 | Lair:6   | Found a runed translucent door.
 21574 | Lair:6   | Found a viscous altar of Jiyva.
 21576 | Lair:6   | Found a staircase to the Slime Pits.
 21576 | Lair:6   | Noticed an acid blob
 21941 | Lair:6   | Found a large runed translucent door.
 22681 | Lair:6   | Found a large runed translucent door.
 23044 | Lair:6   | Identified the +6 morningstar "Bingo" {flame, rN++}
 23431 | Orc:1    | Entered Level 1 of the Orcish Mines
 23584 | Orc:1    | Noticed Sonja
 23591 | Orc:1    | Killed Sonja
 23756 | Orc:1    | Found a large runed translucent door.
 23756 | Orc:1    | Found a large runed translucent door.
 23759 | Orc:1    | Noticed Maurice
 23765 | Orc:1    | Killed Maurice
 23794 | Orc:1    | Noticed Bigaod's ghost (journeyman DsGl)
 23952 | Orc:1    | Killed Bigaod's ghost
 23999 | Orc:2    | Entered Level 2 of the Orcish Mines
 24002 | Orc:2    | Received a gift from Trog
 24506 | Orc:2    | Found a staircase to the Elven Halls.
 24545 | Orc:2    | Received a gift from Trog
 24802 | Orc:2    | Found Soim's General Store.
 24831 | Orc:2    | Bought 2 potions of curing for 78 gold pieces
 25094 | Orc:2    | Noticed an orc warlord
 25114 | Orc:2    | Killed an orc warlord
 25308 | Orc:2    | Found Ystrush's Book Boutique.
 25315 | Orc:2    | Reached XP level 15. HP: 72/138 MP: 5/15
 25844 | Orc:2    | Reached skill level 17 in Axes
 25859 | Orc:2    | Paralysed by an orc sorcerer for 2 turns
 26052 | Orc:2    | Found Peiposm's Antique Armour Boutique.
 26078 | Orc:2    | Found Ezymu's Distillery.
 26145 | Orc:2    | Bought a potion of heal wounds for 65 gold pieces
 26145 | Orc:2    | Bought a potion of mutation for 104 gold pieces
 26145 | Orc:2    | Bought a potion of flight for 39 gold pieces
 26495 | Orc:2    | Bought a pair of embroidered boots for 247 gold pieces
 27091 | D:13     | Found a shadowy altar of Dithmenos.
 27803 | D:14     | Noticed Lodul
 27810 | D:14     | Reached skill level 18 in Axes
 27816 | D:14     | Killed Lodul
 27825 | D:14     | Acquired the +12 broad axe of the Yoke {drain, Str+4
                  | Stlth+}
 28007 | D:14     | Noticed Jorgrun
 28026 | D:14     | Killed Jorgrun
 28266 | D:14     | Found a gate to the Vaults.
 28379 | D:14     | Found a shimmering altar of Xom.
 28390 | D:14     | Found a runed translucent door.
 28391 | D:14     | Noticed Osanutie's ghost (journeyman MiBe)
 28433 | D:14     | Noticed Frances
 28440 | D:14     | Killed Frances
 28693 | D:15     | Entered Level 15 of the Dungeon
 28823 | D:15     | Found a staircase to the Depths.
 29317 | D:15     | Paralysed by something for 4 turns
 30312 | Swamp:1  | Entered Level 1 of the Swamp
 30752 | Swamp:1  | Reached XP level 16. HP: 145/147 MP: 16/16
 30967 | Swamp:1  | Reached ****** piety under Trog
 31125 | Swamp:1  | Reached skill level 10 in Evocations
 31454 | Swamp:1  | Received a gift from Trog
 32021 | Swamp:2  | Reached skill level 15 in Fighting
 32235 | Swamp:2  | Noticed a thorn hunter
 32236 | Swamp:2  | Noticed a thorn hunter
 32598 | Swamp:2  | Killed a thorn hunter
 32942 | Swamp:2  | Killed a thorn hunter
 33799 | Swamp:3  | Noticed Aizul
 33818 | Swamp:3  | Killed Aizul
 34154 | Swamp:3  | Noticed a thorn hunter
 34176 | Swamp:3  | Killed a thorn hunter
 34696 | Swamp:4  | Entered Level 4 of the Swamp
 36034 | Swamp:4  | Reached XP level 17. HP: 156/156 MP: 17/17
 36038 | Swamp:4  | Received a gift from Trog
 36095 | Swamp:4  | Got a decaying rune of Zot
 36987 | Elf:1    | Entered Level 1 of the Elven Halls
 36987 | Elf:1    | Noticed Kirke
 36990 | Elf:1    | Killed Kirke
 37045 | Elf:1    | Found Mukaomot's Book Shoppe.
 37049 | Elf:1    | Found Edot's Assorted Antiques.
 37051 | Elf:1    | Found Hupred's Armour Shoppe.
 37057 | Elf:1    | Bought a wand of mindburst (10) for 140 gold pieces
 37492 | Elf:1    | Reached skill level 10 in Shields
 38467 | Elf:2    | Noticed Nikola
 38551 | Elf:2    | Received a gift from Trog
 39466 | Elf:2    | Found a runed translucent gate.
 39467 | Elf:2    | Found a runed translucent gate.
 39467 | Elf:2    | Found a runed translucent gate.
 39915 | Vaults:1 | Entered Level 1 of the Vaults
 39959 | Vaults:1 | Killed from afar by a tengu reaver

Illustrated notes

Levels and vault maps discovered:
D:1:      roderic_dead_forest, layout_basic, ebering_ecumenical_altar_hall
D:2:      layout_basic, basic_altar
D:3:      layout_loops_corners, nicolae_underground_beach
D:4:      layout_basic, minmay_misc_feat_iff, ebering_dispersal_statue_hall
D:5:      layout_basic, vehumet_crystals, nicolae_elyvilon_temple_path
D:6:      layout_loops_corners, minmay_temple_entry_proselytizer,
          gammafunk_ghost_grave
D:7:      layout_loops_ring, cheibrodos_ashenzari_chains, uniq_duvessa,
          uniq_prince_ribbit1, uniq_menkaure
D:8:      layout_gridville, lemuel_coloured_pillars_altar, serial_shops,
          nicolae_shop_temple_entry_statues_fountains,
          small_statue_intersection, minmay_misc_feat_plants,
          minmay_starry_boxes
D:9:      layout_roguey, kennysheep_little_box, lair_entry_dummy
D:10:     layout_grid_maze, fedhas_altar_4, nicolae_ru_great_annihilating_truth,
          orc_0_dummy, minmay_misc_feat_four_crosses, grunt_ministairs_9,
          uniq_psyche
D:11:     layout_cave_pools
D:12:     layout_loops_ring
D:13:     layout_roguey, nicolae_dithmenos_shadow_blocks
D:14:     layout_basic, david_vaults_4, xom_teletrap_fun, gammafunk_ghost_grave,
          uniq_lodul, uniq_jorgrun, uniq_frances
D:15:     grunt_enter_depths_giant_problem, layout_basic, serial_park_gazebo
          [serial_park_minivault_5x5_3], kennysheep_pointless_box,
          dreamdust_wishing_well
Temple:   eino_wide_crystal_templ
Lair:1:   layout_long_grid, serial_bayou_shore_a, infiniplex_staircase_pool_2
Lair:2:   layout_small_grid, nicolae_spider_entry_non_spiders,
          chequers_serial_rivers_micro_d, pond
Lair:3:   layout_chaotic_city, nicolae_volcano_entry_batcave,
          lemuel_fruit_fields, grunt_megastairs_1
Lair:4:   layout_long_grid, nicolae_swamp_entry_splash_gauntlet
Lair:5:   layout_big_grid, nicolae_lair_liquid_snakes
Lair:6:   cheibrodos_lair_end_hotspot, layout_long_grid, slime_altar_2,
          worms_lemuel
Swamp:1:  layout_basic_swamp, evilmike_swamp_ruin_house_3,
          infiniplex_staircase_pool
Swamp:2:  nicolae_swamp_phyte_club, layout_basic_swamp,
          hangedman_swamp_ruin_hall, nicolae_swamp_frolicking_bunyips
Swamp:3:  layout_falls_marsh, nicolae_swamp_some_circles, swamp_pool4,
          uniq_aizul
Swamp:4:  swamp_alternative, layout_basic_swamp, swamp_pool1
Orc:1:    layout_diamond_mine, ebering_ghost_disaster_area, uniq_sonja,
          uniq_maurice
Orc:2:    pubby_orc_utopia
Elf:1:    layout_geoelf_grid, hangedman_elf_represent, minmay_shop_star,
          uniq_kirke
Elf:2:    nicolae_elf_blades_crystal_corner, layout_loops_corners, uniq_nikola
Vaults:1: v_alt_pattern_4, ontoclasm_vaults_bender,
          ontoclasm_vaults_decontamination, nicolae_vaults_network_quinsquares
          [nicolae_vaults_network_quincunx_subvault,
          nicolae_vaults_network_quincunx_subvault,
          nicolae_vaults_network_quincunx_subvault,
          nicolae_vaults_network_quincunx_subvault], vaults_room_stairs_pillars,
          nicolae_vaults_disjoint_gnomons, nicolae_vaults_big_ls,
          nicolae_vaults_display_case, nicolae_vaults_network_barrier,
          vaults_standard_mumra_x, v_misc_1, serial_ice_m, vaults_room_hallway,
          layout_vaults_maze, serial_shops, shop

Skill      XL: |  1  2  3  4  5  6  7  8  9 10 11 12 13 14 15 16 17 |
---------------+----------------------------------------------------+-----
Stealth        | 1 2 3 5 7 8 9 |  9.0
Axes           | 4 5 6 8 9 11 12 14 15 16 18 | 18.0
Fighting       | 4 5 6 7 9 10 11 12 14 15 16 | 16.2
Dodging        | 3 4 5 6 7 8 9 10 11 12 13 | 13.5
Shields        | 1 3 5 9 11 | 11.2
Evocations     | 4 7 9 12 13 | 13.4

Action                   |  1- 3 |  4- 6 |  7- 9 | 10-12 | 13-15 | 16-18 || total
-------------------------+-------+-------+-------+-------+-------+-------++-------
Melee: War axe           |   106 |    56 |   285 |   755 |   792 |       ||  1994
       Hand axe          |     3 |       |       |       |       |       ||     3
       Tailslap          |     5 |     8 |    46 |   149 |   281 |   117 ||   606
       Punch             |     2 |     1 |       |       |       |       ||     3
       Unarmed           |       |       |     4 |       |     1 |       ||     5
       Whip              |       |       |       |     6 |     4 |       ||    10
       Broad axe         |       |       |       |       |   540 |   618 ||  1158
Throw: Dart              |     1 |     1 |     4 |    24 |    41 |     7 ||    78
       Throwing net      |       |       |       |     1 |       |       ||     1
Invok: Berserk           |     2 |       |     7 |     7 |    16 |     6 ||    38
       Trog's Hand       |       |       |     2 |     3 |    15 |     9 ||    29
       Brothers in Arms  |       |       |       |       |       |     2 ||     2
Evoke: Wand              |       |       |       |       |    19 |    12 ||    31
       Tin of tremorston |       |       |       |       |     3 |     4 ||     7
       Phantom mirror    |       |       |       |       |     1 |     1 ||     2
       Phial of floods   |       |       |       |       |       |     1 ||     1
  Use: Scroll            |     5 |     2 |     4 |     8 |    18 |     8 ||    45
       Potion            |     1 |       |     1 |       |     5 |     9 ||    16
 Stab: Sleeping          |     2 |     3 |     7 |     8 |    51 |    22 ||    93
       Distracted        |       |     1 |     1 |     2 |     3 |     3 ||    10
       Paralysed         |       |       |       |     2 |     1 |       ||     3
Armor: Skin              |    34 |    37 |   135 |   269 |   371 |   204 ||  1050
Dodge: Dodged            |    84 |    35 |   142 |   426 |   636 |   336 ||  1659
Block: Buckler           |       |       |    28 |   206 |   505 |       ||   739
       Reflection        |       |       |       |       |    13 |    11 ||    24
       Kite shield       |       |       |       |       |    29 |   407 ||   436

Table legend: (Time is in decaauts)
 A = Elapsed time spent in this place.
 B = Non-inter-level travel time spent in this place.
 C = Inter-level travel time spent in this place.
 D = Time resting spent in this place.
 E = Time spent auto-exploring this place.
 F = Levels seen in this place.
 G = Mean time per level.
                   A        B        C        D        E       F      G
               +--------+--------+--------+--------+--------+-----+--------+
         Total |  39955 |  37854 |   2101 |   6632 |  24143 |  32 | 1248.6 |
       Dungeon |  17655 |  16600 |   1055 |   2255 |  11351 |  15 | 1177.0 |
        Temple |    119 |    119 |      0 |    117 |      0 |   1 |  119.0 |
          Lair |   8552 |   8057 |    495 |   1774 |   4730 |   6 | 1425.3 |
         Swamp |   6447 |   6281 |    166 |   1034 |   4241 |   4 | 1611.8 |
  Orcish Mines |   3527 |   3216 |    311 |    713 |   1758 |   2 | 1763.5 |
   Elven Halls |   2636 |   2565 |     71 |    231 |   1821 |   2 | 1318.0 |
        Vaults |     40 |     40 |      0 |      0 |     15 |   1 |   40.0 |
       Volcano |    975 |    975 |      0 |    506 |    226 |   1 |  975.0 |
               +--------+--------+--------+--------+--------+-----+--------+

Top non-repeatable levels by time:
   Orc:2: 2702 daAuts
  Lair:6: 2403 daAuts
 Swamp:3: 2256 daAuts
    D:10: 1847 daAuts
     D:7: 1703 daAuts
  Lair:5: 1648 daAuts
 Swamp:1: 1550 daAuts
 Swamp:2: 1437 daAuts
   Elf:1: 1429 daAuts
    D:12: 1394 daAuts
    D:15: 1345 daAuts
     D:5: 1308 daAuts
  Lair:4: 1280 daAuts
     D:9: 1266 daAuts
  Lair:2: 1242 daAuts
